 Dungeon Crawl Stone Soup version 0.30.1-3-gfc49f6343a (webtiles) character file.

Game seed: 6430292303730146140

76 Atelerd the Digger (level 4, -4/27 HPs)
             Began as an Octopode Earth Elementalist on Aug 8, 2023.
             Slain by an iguana (10 damage)
             ... on level 6 of the Dungeon.
             The game lasted 00:01:47 (2068 turns).

Atelerd the Digger (Octopode Earth Elementalist)    Turns: 2068, Time: 00:01:48

Health: -4/27      AC:  1    Str:  7    XL:     4   Next: 32%
Magic:  4/7        EV: 13    Int: 25    God:
Gold:   133        SH:  0    Dex: 12    Spells: 7/8 levels left

rFire   . . .        m - +4 sling
rCold   . . .        (no shield)
rNeg    . . .        (helmet restricted)
rPois   .            (no amulet)
rElec   .            j - +6 ring of intelligence
rCorr   .            (no ring)
SInv    .            (no ring)
Will    .....        (no ring)
Stlth   +++          (no ring)
HPRegen 0.24/turn    (no ring)
MPRegen 0.10/turn    (no ring)
                     (no ring)

%: no passive effects
@: no status effects
A: almost no armour, amphibious, 8 rings, camouflage 1, gelatinous body 1,
(nimble swimmer 1), tentacles
a: no special abilities


You were on level 6 of the Dungeon.
You visited 1 branch of the dungeon, and saw 4 of its levels.

You collected 133 gold pieces.

Inventory:

Hand Weapons
 m - a +4 sling (weapon)
Jewellery
 j - a +6 ring of intelligence (left tentacle)
Scrolls
 c - a scroll of torment {unknown}
 d - a scroll of blinking {unknown}
 e - a scroll of brand weapon {unknown}
 g - a scroll of amnesia {unknown}
 i - a scroll of fear {unknown}
 l - a scroll of fog {unknown}
 n - a scroll of enchant weapon {unknown}
Potions
 a - a potion of magic
 b - a potion of ambrosia {unknown}
 f - 2 potions of degeneration {unknown}
 h - a potion of might {unknown}
 k - a potion of mutation {unknown}


   Skills:
 + Level 0.2 Fighting
 + Level 0.4 Ranged Weapons
 - Level 2.0 Dodging
 + Level 2.8 Stealth
 + Level 0.7 Unarmed Combat
 + Level 2.6 Spellcasting
 + Level 1.0 Transmutations
 + Level 4.3 Earth Magic


You had 7 spell levels left.
You knew the following spells:

 Your Spells              Type           Power      Damage    Failure   Level
a - Sandblast             Erth           48%        2d12      1%          1

Your spell library contained the following spells:

 Spells                   Type           Power      Damage    Failure   Level
 Passwall                 Tmut/Erth      13%        N/A       5%          2
 Necrotise                Necr           12%        1d4       11%         1
 Stone Arrow              Conj/Erth      28%        3d8       13%         3
 Vampiric Draining        Necr           3%         2d6       32%         3
 Petrify                  Tmut/Erth      16%        N/A       34%         4
 Agony                    Necr           3%         N/A       96%         5


Dungeon Overview and Level Annotations

Branches:
Dungeon (3/15)

Altars:
Uskayaw


Innate Abilities, Weirdness & Mutations

You cannot wear most types of armour.
You are amphibious.
You can wear up to eight rings at the same time.
Your skin changes colour to match your surroundings (Stealth+).
Your rubbery body absorbs attacks. (AC +1, EV +1)
((You are camouflaged when in or above water. (Stealth+)))
You have tentacles for arms and can constrict up to eight enemies at once.


Message History

An iguana comes into view.
You see here the +1 robe of Hiaguz {Str+5}.
You shoot a sling bullet. The iguana hisses angrily.
The sling bullet hits the iguana.
The iguana is moderately wounded.
You shoot a sling bullet.
The sling bullet barely misses the iguana.
The iguana completely misses you. The iguana bites you!
* * * LOW HITPOINT WARNING * * *
Okay, then.
You are too injured to fight recklessly!
You are too injured to fight recklessly!
Casting: Sandblast (safe; 1% risk of failure)
Confirm with . or Enter, or press ? or * to list all spells.
Aiming: Sandblast (safe; 1% risk of failure)
Press: ? - help, Shift-Dir - straight line, f/p - iguana
Aim: an iguana (moderately wounded, 85% to hit)
The blast of sand hits the iguana!
The iguana is severely wounded.
The iguana bites you.
* * * LOW HITPOINT WARNING * * *
Casting: Sandblast (safe; 1% risk of failure)
Confirm with . or Enter, or press ? or * to list all spells.
Aiming: Sandblast (safe; 1% risk of failure)
Press: ? - help, Shift-Dir - straight line, f/p - iguana
Aim: an iguana (severely wounded, 85% to hit)
The blast of sand hits the iguana.
The iguana is almost dead.
The iguana misses you. The iguana closely misses you.
Unknown command.
Casting: Sandblast (safe; 1% risk of failure)
Confirm with . or Enter, or press ? or * to list all spells.
Aiming: Sandblast (safe; 1% risk of failure)
Press: ? - help, Shift-Dir - straight line, f/p - iguana
Aim: an iguana (almost dead, 85% to hit)
The blast of sand hits the iguana.
The iguana is almost dead.
The iguana bites you!
You die...

########### #.
##.......... #
..#..##..###########.#
........####### .....
.............[##......
..#.#########.@l....!.
# ####...... #####


You could see an iguana.

Vanquished Creatures
  2 adders
  An ufetubus (D:6)
  A worm (D:2)
  7 ball pythons
  3 endoplasms
  4 giant cockroaches
  4 hobgoblins
  3 kobolds
  3 quokkas
  6 bats
  4 frilled lizards
  5 goblins
  5 rats (D:2)
48 creatures vanquished.

Notes
Turn   | Place    | Note
-------+----------+-------------------------------------------
     0 | D:1      | Atelerd the Octopode Earth Elementalist began the quest for
                  | the Orb.
     0 | D:1      | Reached XP level 1. HP: 11/11 MP: 3/3
    73 | D:1      | Found a faded altar of an unknown god.
   246 | D:1      | Reached XP level 2. HP: 17/17 MP: 1/5
   800 | D:1      | Reached XP level 3. HP: 21/21 MP: 2/6
  1186 | D:2      | Found a hide-covered altar of Uskayaw.
  1225 | D:2      | Reached skill level 4 in Earth Magic
  1744 | D:2      | Reached XP level 4. HP: 27/27 MP: 7/7
  2046 | D:3      | You fall into a shaft and drop 3 floors!
  2062 | D:6      | Identified the +1 robe of Hiaguz {Str+5}
  2068 | D:6      | Slain by an iguana

Illustrated notes

Levels and vault maps discovered:
D:1:      onia_arrival_pyramid, layout_basic,
          ebering_ecumenical_altar_petrified, st_stairs_5,
          minmay_shallow_snake_nest
D:2:      layout_basic, basic_altar, minmay_stone_trees_small
D:3:      layout_basic, nemelex_xobeh_ov_fountains_minmay,
          biasface_ghost_orc_armoury, small_statue_intersection, uniq_grinder
D:6:      layout_rooms

Skill      XL: |  1  2  3 |
---------------+----------+-----
Earth Magic    | 4 |  4.3
Fighting       | |  0.2
Ranged Weapons | |  0.4
Dodging        | |  2.0
Stealth        | |  2.8
Unarmed Combat | |  0.7
Spellcasting   | |  2.6
Transmutations | |  1.0

Action                     |  1- 3 |  4- 6 || total
---------------------------+-------+-------++-------
  Melee: Unarmed           |    21 |       ||    21
         Constrict         |    11 |       ||    11
         Tentacles         |     3 |       ||     3
   Fire: Sling             |     4 |    13 ||    17
   Cast: Sandblast         |    50 |     3 ||    53
   Stab: Sleeping          |     2 |       ||     2
 Armour: Skin              |     3 |       ||     3
  Dodge: Dodged            |    36 |    10 ||    46
